 Dungeon Crawl Stone Soup version 0.23-a0-713-ge59bbb1 (webtiles) character file.

88 Blackhawk the Chopper (level 4, 0/34 HPs)
             Began as a Demonspawn Gladiator on Jan 15, 2019.
             Slain by an orc wizard
             ... wielding a +0 dagger
              (3 damage)
             ... on level 3 of the Dungeon.
             The game lasted 00:02:41 (2263 turns).

Blackhawk the Chopper (Demonspawn Gladiator)        Turns: 2263, Time: 00:02:41

Health: 0/34       AC:  3    Str: 13 (16) XL:     4   Next: 30%
Magic:  4/4        EV: 13    Int:  7 (9)  God:
Gold:   71         SH:  0    Dex: 13 (14) Spells: 3/3 levels left

rFire    . . .     SeeInvis .   o - +2 battleaxe (chop)
rCold    + . .     Gourm    .   (shield currently unavailable)
rNeg     . . .     Faith    .   b - +0 leather armour
rPois    .         Spirit   .   (helmet restricted)
rElec    .         Reflect  .   (no cloak)
rCorr    .         Harm     .   (no gloves)
MR       +....                  (no boots)
Stlth    +.........             (no amulet)
HPRegen  0.11/turn              j - ring of wizardry
MPRegen  0.09/turn              n - ring of protection from magic

@: no status effects
A: horns 1, cold resistance 1
a: no special abilities


You were on level 3 of the Dungeon.
You were not hungry.

You visited 1 branch of the dungeon, and saw 3 of its levels.

You collected 71 gold pieces.

Inventory:

Hand Weapons
 a - a +0 war axe
 o - a +2 battleaxe of chopping (weapon)
Missiles
 d - 5 throwing nets (quivered)
Armour
 b - a +0 leather armour (worn)
 c - a +0 helmet
Jewellery
 j - a ring of wizardry (left hand)
 n - a ring of protection from magic (right hand)
 r - an uncursed ring of positive energy {unknown}
Scrolls
 g - 3 scrolls of identify {unknown}
 k - a scroll of enchant weapon {unknown}
 l - a scroll of random uselessness {unknown}
 m - 2 scrolls of teleportation {unknown}
 q - a scroll of blinking {unknown}
Potions
 e - a potion of magic {unknown}
 p - a potion of degeneration
Comestibles
 f - 4 rations
 h - 2 chunks of flesh


   Skills:
 + Level 2.7 Fighting
 * Level 3.3 Axes
 + Level 2.5 Throwing
 + Level 3.3 Dodging


You had 3 spell levels left.
You didn't know any spells.
Your spell library was empty.

Dungeon Overview and Level Annotations

Branches:
Dungeon (3/15)

Altars:

Annotations:
D:3 Terence


Innate Abilities, Weirdness & Mutations

You have a pair of small horns on your head.
Your flesh is cold resistant. (rC+)


Message History

Terence is lightly wounded.
You barely miss the rat. The rat barely misses you.
Terence says, "Don't bother to defend, it's senseless."
Terence hits you with a +0 mace of protection.
* * * LOW HITPOINT WARNING * * *
The orc wizard barely misses you. The rat misses you.
You barely miss the rat. You barely miss Terence. You hit the orc wizard.
Terence barely misses you.
The orc wizard hits you with a +0 dagger.
* * * LOW HITPOINT WARNING * * *
The rat closely misses you.
You hit the orc wizard.
The orc wizard is severely wounded.
You slash the rat!
You kill the rat!
You hit Terence but do no damage. Terence barely misses you.
The orc wizard hits you with a +0 dagger.
* * * LOW HITPOINT WARNING * * *
The orc wizard hits you with a +0 dagger.
You die...

######### ........# #.#
#.#############
#####...........≈≈≈
#..........?..#....
#.#########.....≈≈≈
######.#####.......####.
........)....###@o.#
######.#####...)@).# ###
#.# #..#....... #.## #.#
#. #......... ...# #.# #
......#### #.####.#
.......# #÷# #..#
.....#.# #.# #.##
#........ #.###.#######


You could see Terence and an orc wizard.

Vanquished Creatures
  A hound skeleton (D:2)
  2 adders (D:2)
  A worm (D:2)
  A dart slug (D:2)
  3 leopard geckos (D:1)
  2 orcs (D:3)
  6 bats
  3 giant cockroaches
  5 goblins
  7 hobgoblins
  A quokka (D:2)
  A ball python (D:1)
  4 frilled lizards
  3 kobolds
  7 rats
47 creatures vanquished.

Notes
Turn   | Place    | Note
-------+----------+-------------------------------------------
     0 | D:1      | Blackhawk the Demonspawn Gladiator began the quest for the
                  | Orb.
     0 | D:1      | Reached XP level 1. HP: 16/16 MP: 1/1
   206 | D:1      | Gained mutation: You have a pair of small horns on your
                  | head. [demonic ancestry]
   206 | D:1      | Reached XP level 2. HP: 22/22 MP: 2/2
  1034 | D:2      | Reached XP level 3. HP: 28/28 MP: 3/3
  1435 | D:2      | Gained mutation: Your flesh is cold resistant. (rC+)
                  | [demonic ancestry]
  1435 | D:2      | Reached XP level 4. HP: 15/34 MP: 4/4
  2246 | D:3      | Noticed Terence
  2263 | D:3      | Slain by an orc wizard

Vault maps used:
D:1:      nzn_arrival_water_spiral
D:3:      kennysheep_six_static_rooms, gup_sewer_entry_bowl,
          chequers_ecumenical_altar_lobes, chequers_serial_rivers_micro_d,
          uniq_crazy_yiuf_cottage, uniq_ijyb, uniq_terence, uniq_jessica

Skill      XL: |  1  2 |
---------------+-------+-----
Throwing       | 2 |  2.5
Dodging        | 3 |  3.3
Axes           | 3 |  3.3
Fighting       | |  2.7

Action                   |  1- 3 |  4- 6 || total
-------------------------+-------+-------++-------
Melee: War axe           |    56 |       ||    56
       Headbutt          |     4 |       ||     4
       Battleaxe         |    28 |    32 ||    60
  Use: Potion            |     2 |       ||     2
 Stab: Sleeping          |       |     1 ||     1
  Eat: Chunk             |     2 |     2 ||     4
Armor: Leather armour    |    22 |     6 ||    28
Dodge: Dodged            |    73 |    38 ||   111

Table legend:
 A = Non-vault XP
 B = Vault XP
 C = Vault XP percentage of total XP
 D = Non-vault monster count
 E = Vault monster count
 F = Vault count percentage of total count
                 A         B        C        D         E       F
            +---------+---------+-------+---------+---------+-------
      Total |     127 |       0 |   0.0 |      47 |       0 |   0.0
            +---------+---------+-------+---------+---------+-------
        D:1 |      36 |       0 |   0.0 |      20 |       0 |   0.0
        D:2 |      72 |       0 |   0.0 |      16 |       0 |   0.0
        D:3 |      19 |       0 |   0.0 |      11 |       0 |   0.0
            +---------+---------+-------+---------+---------+-------
